AoeStats
← Hardware

Black Forest

510868426Analyzed
3v3 RM · 8h ago on Oct 2, 2026· 63m 55s· 6 players
Game mode
Random Map
Map size
Normal (6 player)
Population
200
Speed
Normal
Resources
Standard
Victory
Conquest
Starting age
Dark Age
Ending age
Imperial Age
RankedLock teamsTeams togetherTeam positionsShared explorationLock speedFull tech treeHidden civsTurbo modeCheats
Victory
Defeat
🇹🇷 Ethiopians · Türkiye
1014
+13
🇹🇷 Britons · Türkiye
839
+20
🇹🇷 Khmer · Türkiye
830
+20
🇪🇬 Portuguese · Egypt
938
-18
🇩🇪 Tatars · Germany
932
-49
🇬🇧 Burgundians · United Kingdom
917
-17
Alleggs
9:08 Loom
11:37 Feudal Age
12:07 Double-Bit Axe
12:08 Horse Collar
14:40 Wheelbarrow
19:16 Castle Age
19:14 Gold Mining
19:15 Stone Mining
20:49 Bow Saw
23:55 Heavy Plow
28:38 Hand Cart
28:29 Town Watch
32:11 Town Patrol
33:13 Padded Archer Armor
33:04 Fletching
36:29 Imperial Age
35:01 Leather Archer Armor
34:42 Bodkin Arrow
34:53 Scale Barding Armor
35:57 Caravan
37:35 Heavy Cavalry Archer
38:31 Bloodlines
38:22 Husbandry
39:33 Conscription
40:10 Bracer
40:41 Ring Archer Armor
44:39 Elite Keshik
45:52 Chain Barding Armor
45:44 Forging
48:10 Plate Barding Armor
48:11 Iron Casting
49:32 Timurid Siegecraft
49:23 Silk Armor
50:56 Blast Furnace
elcrab_FCUU92
1:45 Loom
12:28 Feudal Age
14:02 Double-Bit Axe
13:59 Horse Collar
14:59 Bow Saw
15:01 Town Watch
16:25 Wheelbarrow
18:55 Hand Cart
18:43 Fishing Lines
21:56 Castle Age
21:23 Caravan
21:29 Heavy Plow
23:04 Gold Mining
23:04 Stone Mining
24:17 Two-Man Saw
24:32 Two-Man Saw
24:17 Crop Rotation
26:28 Fervor
27:33 Gillnets
28:04 Fletching
28:16 Padded Archer Armor
28:26 Forging
28:17 Scale Mail Armor
28:22 Scale Barding Armor
30:25 Town Patrol
30:34 Devotion
30:54 Sanctity
30:35 Treadmill Crane
30:51 Murder Holes
31:07 Masonry
31:17 Ballistics
30:57 Bodkin Arrow
31:18 Leather Archer Armor
31:39 Iron Casting
32:04 Husbandry
31:25 Light Cavalry
32:07 Squires
31:53 Arson
31:29 Pikeman
33:13 Burgundian Vineyards
33:34 Redemption
33:42 Cavalier
34:38 Chain Mail Armor
34:43 Chain Barding Armor
34:40 Fortified Wall
37:48 Imperial Age
37:51 Hussar
37:53 Halberdier
39:10 Plate Mail Armor
39:53 Conscription
40:08 Hoardings
40:07 Architecture
40:38 Chemistry
41:13 Gold Shaft Mining
41:13 Stone Shaft Mining
42:30 Paladin
44:23 Blast Furnace
43:24 Bracer
44:11 Plate Barding Armor
49:53 Elite Coustillier
50:04 Sappers
53:12 Faith
54:30 Flemish Revolution
54:30 Man-at-Arms
Hazem
0:26 Loom
12:05 Feudal Age
13:31 Double-Bit Axe
15:18 Gold Mining
16:42 Wheelbarrow
20:44 Castle Age
18:48 Horse Collar
19:56 Stone Mining
20:33 Fletching
22:18 Heavy Plow
22:36 Bow Saw
24:27 Town Watch
25:23 Stone Shaft Mining
25:40 Husbandry
27:31 Hand Cart
28:09 Caravan
33:56 Imperial Age
32:18 Scale Barding Armor
32:24 Forging
33:15 Bloodlines
34:11 Ballistics
36:08 Conscription
35:52 Arquebus
37:09 Crop Rotation
36:48 Cavalier
38:45 Chemistry
38:27 Iron Casting
38:57 Bodkin Arrow
39:23 Chain Barding Armor
41:07 Two-Man Saw
43:36 Elite Organ Gun
48:57 Pikeman
49:40 Padded Archer Armor
49:40 Bracer
50:42 Blast Furnace
50:17 Plate Barding Armor
53:30 Halberdier
55:00 Light Cavalry
60:20 Treadmill Crane
61:16 Scale Mail Armor
61:31 Leather Archer Armor
61:19 Elite Skirmisher
62:04 Thumb Ring
62:28 Chain Mail Armor
63:49 Ring Archer Armor
63:50 Plate Mail Armor
MASON GREENWOOD
0:29 Loom
11:19 Feudal Age
14:55 Castle Age
13:43 Double-Bit Axe
13:41 Horse Collar
16:57 Bow Saw
17:38 Wheelbarrow
18:44 Heavy Plow
20:07 Hand Cart
26:23 Gold Mining
29:41 Imperial Age
27:36 Ballistics
27:28 Gold Mining
28:13 Scale Barding Armor
28:18 Forging
29:05 Fletching
29:35 Chain Barding Armor
29:18 Husbandry
30:09 Caravan
31:27 Chemistry
30:38 Masonry
31:06 Iron Casting
31:03 Guilds
31:30 Gold Shaft Mining
32:02 Two-Man Saw
30:46 Heavy Camel Rider
34:05 Blast Furnace
33:18 Onager
35:59 Torsion Engines
37:23 Padded Archer Armor
37:14 Fletching
40:18 Thumb Ring
46:27 Crossbowman
46:27 Elite Skirmisher
47:04 Bodkin Arrow
47:24 Leather Archer Armor
47:43 Architecture
47:09 Murder Holes
48:52 Bracer
51:43 Light Cavalry
60:23 Ring Archer Armor
berber hikmet
0:30 Loom
13:39 Feudal Age
15:16 Wheelbarrow
14:36 Double-Bit Axe
16:07 Horse Collar
17:50 Gold Mining
21:29 Castle Age
20:43 Stone Mining
22:29 Hand Cart
22:44 Heavy Plow
24:39 Elite Skirmisher
30:16 Caravan
35:13 Imperial Age
36:07 Gold Shaft Mining
37:20 Elite Ballista Elephant
38:22 Conscription
38:18 Padded Archer Armor
38:08 Fletching
39:01 Stone Shaft Mining
41:07 Crop Rotation
42:29 Chemistry
41:50 Ballistics
41:46 Scale Barding Armor
41:41 Scale Mail Armor
41:57 Leather Archer Armor
41:38 Bodkin Arrow
41:53 Forging
43:00 Coinage
42:50 Bow Saw
45:29 Chain Barding Armor
48:33 Chain Mail Armor
48:59 Onager
51:14 Plate Barding Armor
51:15 Iron Casting
50:41 Bracer
51:13 Ring Archer Armor
59:15 Blast Furnace
62:13 Banking
Hardware
0:56 Loom
14:32 Feudal Age
19:40 Castle Age
18:51 Horse Collar
18:59 Double-Bit Axe
28:23 Bow Saw
28:17 Heavy Plow
30:31 Wheelbarrow
30:21 Ballistics
29:42 Treadmill Crane
33:46 Imperial Age
32:46 Hand Cart
32:56 Padded Archer Armor
32:47 Fletching
33:09 Forging
33:00 Scale Mail Armor
33:28 Crossbowman
34:17 Gold Mining
34:21 Stone Mining
35:36 Chemistry
34:14 Pikeman
34:54 Squires
35:56 Gold Shaft Mining
36:38 Two-Man Saw
35:46 Scale Barding Armor
36:19 Iron Casting
37:35 Elite Longbowman
38:02 Cavalier
39:00 Leather Archer Armor
38:43 Bodkin Arrow
39:48 Chain Barding Armor
39:46 Chain Mail Armor
40:36 Blast Furnace
39:12 Arbalester
40:17 Warwolf
40:51 Ring Archer Armor
40:18 Halberdier
42:38 Chain Mail Armor
42:06 Light Cavalry
42:47 Husbandry
49:04 Bracer
49:37 Plate Mail Armor
50:45 Plate Barding Armor
55:01 Elite Skirmisher
55:02 Heavy Mounted Crossbowman
55:03 Cranequins
63:41 Man-at-Arms
64:06 Gambesons
Connection lost

Rejoining the realm…

Still unreachable

The connection could not be restored.

Session expired

The server has moved on; the page needs a fresh start.